Map: Automaton LE

Players

Lambo - Winner!

  • Race: Zerg Zerg
  • League: Master
  • Spawn Location: 9:00

Ptak

  • Race: Zerg Zerg
  • League: Grandmaster
  • Spawn Location: 3:00

VOD

Have the link to the VOD?

Description

Time

  • Played on: Jan. 20, 2019, 11:28 a.m.
  • Length: 17:18
Show
View Real Time Build Order
Export as new Build Order

Lambo Zerg - Winner!

Build Orders: Hatch First, Muta Ling Bane 

Get SALT Encoding   

  12  0:01  Drone  
  13  0:14  Overlord  
  13  0:20  Drone  
  14  0:32  Drone x2  
  16  0:50  Hatchery  
  16  0:53  Drone  
  16  0:56  Drone  
  17  1:01  Drone  
  18  1:10  Extractor  
  17  1:15  Spawning Pool  
  16  1:19  Drone  
  16  1:23  Drone  
  18  1:32  Drone  
  19  1:42  Drone  
  20  1:53  Drone  
  21  2:03  Queen x2, Zergling x2  
  21  2:04  Zergling x2  
  27  2:09  Spine Crawler  
  27  2:13  Metabolic Boost  
  26  2:16  Zergling x2  
  26  2:22  Overlord  
  28  2:34  Baneling Nest  
  28  2:35  Drone  
  28  2:40  Drone x2  
  28  2:41  Drone  
  31  2:45  Drone  
  31  2:51  Zergling x2  
  33  3:02  Hatchery  
  32  3:08  Drone  
  32  3:09  Overlord  
  33  3:16  Drone x3  
  33  3:19  Evolution Chamber  
  34  3:21  Drone  
  35  3:28  Drone x3  
  38  3:34  Drone x2  
  38  3:35  Drone  
  38  3:38  Drone  
  42  3:44  Drone  
  42  3:46  Zerg Ground Armor Level 1  
  43  3:52  Evolution Chamber  
  43  3:53  Drone  
  43  4:11  Overlord  
  43  4:13  Queen  
  43  4:16  Drone x6  
  50  4:21  Overlord  
  50  4:26  Zerg Melee Weapons Level 1  
  50  4:27  Overlord  
  56  4:31  Drone x6  
  56  4:34  Drone  
  56  4:35  Drone  
  56  4:38  Overlord  
  57  4:45  Zergling x4  
  57  4:47  Queen  
  57  4:52  Overlord, Zergling x4  
  63  4:53  Queen  
  63  4:55  Extractor  
  63  4:56  Extractor  
  64  5:00  Drone x3, Overlord  
  64  5:05  Zergling x4  
  67  5:09  Zergling x2  
  67  5:10  Zergling x2  
  67  5:13  Lair  
  69  5:19  Zergling x10  
  74  5:22  Drone x2  
  74  5:23  Drone  
  79  5:29  Zergling x10  
  82  5:39  Zergling x4  
  82  5:40  Roach Warren  
  82  5:42  Zergling x4  
  83  5:50  Zergling x2  
  83  5:53  Zergling x4  
  83  5:55  Zergling x2  
  87  6:00  Zergling x6  
  90  6:05  Drone x2  
  90  6:11  Drone x4  
  95  6:12  Extractor  
  95  6:13  Drone  
  95  6:14  Drone x2  
  95  6:16  Extractor  
  95  6:18  Extractor  
  95  6:21  Spire  
  95  6:22  Drone  
  95  6:23  Drone  
  96  6:28  Overlord  
  96  6:29  Baneling, Overseer  
  96  6:30  Overlord x2  
  96  6:34  Overlord  
  96  6:37  Zergling x4  
  96  6:38  Hatchery  
  96  6:39  Zerg Melee Weapons Level 2  
  97  6:42  Overlord  
  97  6:44  Overlord  
  97  6:47  Overlord  
  97  6:48  Overlord  
  97  6:51  Drone x5  
  101  6:56  Zergling x4  
  102  7:02  Zergling x6  
  102  7:08  Zergling x2  
  106  7:21  Overlord  
  106  7:22  Glial Reconstitution, Roach x9  
  124  7:27  Roach  
  126  7:33  Roach x2  
  126  7:38  Roach x4  
  126  7:41  Overlord  
  126  7:42  Roach x3  
  139  7:50  Roach x5  
  140  7:52  Roach  
  140  7:55  Roach  
  131  7:59  Roach x2  
  131  8:02  Roach  
  127  8:06  Zergling x2  
  127  8:07  Zergling x6  
  127  8:12  Mutalisk x3  
  130  8:15  Zerg Missile Weapons Level 1  
  126  8:20  Drone x2  
  126  8:21  Zerg Flyer Weapons Level 1  
  126  8:23  Mutalisk x2  
  128  8:27  Mutalisk  
  128  8:29  Mutalisk  
  128  8:34  Mutalisk x2  
  128  8:39  Mutalisk  
  131  8:48  Mutalisk x2  
  131  8:50  Zergling x18  
  144  8:57  Hatchery  
  143  9:05  Extractor, Centrifical Hooks  
  143  9:08  Zergling x16  
  150  9:10  Extractor  
  150  9:12  Drone x6  
  150  9:13  Mutalisk  
  157  9:17  Mutalisk  
  157  9:18  Mutalisk  
  161  9:25  Zergling x10  
  161  9:26  Zergling x2  
  161  9:31  Mutalisk x2  
  167  9:37  Mutalisk  
  167  9:38  Overlord  
  173  9:41  Zergling x6  
  175  9:46  Overlord  
  175  9:47  Overlord  
  175  9:51  Mutalisk x2  
  179  9:58  Overlord  
  179  9:59  Mutalisk x2  
  179  10:04  Zergling x10  
  188  10:08  Infestation Pit  
  188  10:10  Mutalisk  
  189  10:15  Mutalisk x2  
  189  10:19  Drone x4  
  197  10:24  Mutalisk  
  197  10:30  Mutalisk  
  197  10:32  Pneumatized Carapace  
  197  10:33  Overseer  
  197  10:35  Extractor x2  
  197  10:37  Drone x2  
  199  10:53  Baneling x19  
  199  10:58  Overseer  
  198  11:10  Mutalisk  
  198  11:11  Mutalisk x3  
  190  11:18  Zergling x32  
  200  11:23  Mutalisk x3  
  200  11:25  Zergling x2  
  169  11:30  Mutalisk x2  
  163  11:38  Mutalisk x2  
  163  11:44  Mutalisk x2  
  158  11:51  Hive  
  158  11:52  Drone x6  
  164  11:56  Mutalisk x2  
  167  12:15  Zerg Flyer Weapons Level 2  
  167  12:17  Mutalisk x3  
  173  12:27  Hatchery  
  172  12:30  Drone x6  
  172  12:31  Drone x3  
  172  12:34  Drone x4  
  185  12:37  Mutalisk  
  185  12:38  Mutalisk  
  189  12:47  Mutalisk x4  
  195  12:55  Mutalisk  
  197  13:00  Baneling  
  197  13:01  Baneling x7  
  197  13:07  Baneling x5  
  197  13:13  Hatchery  
  197  13:16  Adrenal Glands  
  197  13:17  Viper  
  199  13:24  Extractor  
  199  13:25  Extractor  
  191  13:55  Viper x2  
  189  13:56  Ultralisk Cavern  
  189  14:00  Overseer  
  189  14:01  Baneling x4  
  189  14:02  Burrow, Baneling  
  194  14:04  Zerg Ground Armor Level 2, Zerg Melee Weapons Level 3  
  194  14:10  Zergling x10  
  199  14:30  Baneling x17  
  199  14:33  Overseer  
  199  14:34  Overseer  
  199  14:43  Extractor  
  199  14:44  Overseer  
  199  14:45  Extractor  
  189  14:51  Chitinous Plating  
  189  14:55  Hydralisk Den  
  188  15:02  Zerg Flyer Armor Level 1  
  188  15:07  Drone x3  
  190  15:08  Drone x3  
  187  15:33  Mutalisk x11  
  193  15:52  Zergling x4  
  193  15:53  Zergling x10  
  200  16:10  Anabolic Synthesis  
  198  16:11  Zergling x6  
  198  16:13  Baneling x14  
  196  16:34  Mutalisk x2  
  198  16:51  Baneling x6  
  198  16:53  Mutalisk x3  
Show
View Real Time Build Order
Export as new Build Order

Ptak Zerg 

Build Orders: Pool First, Lurkers, Roach Hydra 

Get SALT Encoding   

  12  0:00  Drone  
  13  0:08  Drone  
  14  0:17  Overlord  
  14  0:22  Extractor  
  14  0:23  Drone  
  15  0:35  Drone  
  15  0:36  Drone  
  17  0:46  Spawning Pool  
  17  0:49  Drone  
  17  1:11  Hatchery  
  16  1:12  Drone  
  16  1:15  Drone  
  18  1:33  Queen, Zergling x4  
  18  1:39  Overlord  
  22  1:52  Spine Crawler, Drone  
  22  1:59  Drone  
  23  2:09  Drone, Queen  
  23  2:14  Extractor  
  25  2:20  Drone  
  26  2:23  Queen  
  26  2:24  Drone  
  29  2:31  Drone  
  29  2:34  Drone  
  31  2:42  Drone  
  31  2:43  Drone x2  
  35  2:44  Drone  
  35  2:46  Overlord  
  35  2:55  Drone  
  35  2:58  Overlord  
  36  3:05  Baneling Nest  
  36  3:06  Drone  
  36  3:07  Drone  
  37  3:18  Drone x4  
  41  3:20  Drone  
  41  3:25  Queen  
  45  3:27  Drone  
  45  3:31  Drone  
  46  3:34  Drone  
  46  3:35  Zergling x2  
  46  3:36  Overlord  
  48  3:46  Spine Crawler  
  47  3:49  Baneling x4  
  47  3:56  Hatchery  
  47  3:59  Baneling  
  47  4:02  Drone x4  
  50  4:06  Drone  
  50  4:08  Evolution Chamber  
  50  4:10  Drone  
  50  4:11  Drone  
  50  4:12  Drone  
  50  4:15  Drone x2  
  50  4:16  Drone  
  55  4:19  Drone  
  55  4:20  Extractor  
  55  4:22  Extractor  
  54  4:24  Lair  
  54  4:26  Drone  
  54  4:28  Drone  
  56  4:34  Drone  
  56  4:35  Drone  
  56  4:37  Drone  
  59  4:41  Roach Warren  
  59  4:42  Baneling  
  59  4:43  Drone x2  
  60  4:48  Overlord  
  60  5:00  Overlord  
  60  5:02  Zerg Missile Weapons Level 1  
  60  5:07  Drone x4  
  61  5:08  Drone x3  
  61  5:11  Drone x2  
  68  5:17  Drone  
  68  5:18  Drone  
  70  5:21  Overseer  
  70  5:24  Glial Reconstitution  
  70  5:25  Drone  
  70  5:26  Drone x3  
  73  5:40  Roach x3  
  73  5:41  Overlord x4, Roach  
  81  5:45  Extractor  
  80  5:56  Overlord  
  80  6:00  Roach x4  
  80  6:01  Roach x2  
  80  6:02  Roach  
  94  6:06  Roach  
  94  6:08  Roach  
  94  6:09  Overlord  
  94  6:10  Roach x3  
  104  6:13  Roach x2  
  104  6:14  Roach  
  110  6:20  Zergling x4  
  110  6:22  Extractor  
  110  6:24  Hydralisk Den  
  110  6:26  Extractor  
  110  6:30  Drone x3  
  110  6:32  Roach  
  114  6:33  Roach x3  
  118  6:41  Roach  
  118  6:43  Overlord x2  
  118  6:44  Overlord  
  118  6:46  Baneling x2  
  120  6:52  Overlord  
  120  6:54  Baneling x2  
  120  6:58  Drone  
  120  6:59  Zerg Missile Weapons Level 2  
  121  7:03  Roach x6  
  121  7:05  Evolution Chamber  
  121  7:08  Roach x3  
  138  7:09  Roach  
  138  7:11  Roach  
  138  7:13  Roach  
  138  7:14  Roach  
  146  7:17  Roach x2  
  146  7:20  Zergling x4  
  152  7:24  Spine Crawler, Roach  
  152  7:29  Lurker Den  
  152  7:36  Roach  
  153  7:46  Roach  
  152  7:53  Roach x3  
  134  8:05  Roach  
  134  8:06  Roach x10  
  134  8:08  Hydralisk  
  134  8:09  Hydralisk  
  134  8:11  Grooved Spines  
  146  8:14  Zerg Ground Armor Level 1  
  146  8:16  Zergling x2  
  137  8:20  Hydralisk  
  137  8:22  Hydralisk  
  133  8:28  Hydralisk  
  134  8:38  Hydralisk x4  
  134  8:39  Hydralisk  
  141  8:44  Spore Crawler  
  141  8:46  Spore Crawler x2  
  138  8:49  Spore Crawler  
  138  8:50  Hydralisk, Spore Crawler  
  138  8:53  Drone x3, Spore Crawler  
  138  8:54  Drone, Hydralisk, Spore Crawler  
  138  8:55  Hydralisk x2  
  146  8:59  Hydralisk  
  146  9:04  Baneling x2  
  146  9:21  Lurker x3  
  146  9:22  Overlord x2  
  146  9:23  Muscular Augments  
  149  9:29  Hatchery  
  149  9:30  Lurker  
  149  9:38  Spore Crawler  
  148  9:42  Spore Crawler  
  148  9:44  Lurker x2  
  149  10:04  Hydralisk x3  
  149  10:05  Spore Crawler  
  149  10:06  Overlord x3  
  152  10:10  Overlord x2  
  152  10:11  Overlord x2  
  152  10:12  Queen  
  154  10:21  Overseer x2  
  152  10:30  Zerg Ground Armor Level 2  
  152  10:31  Hydralisk x4  
  152  10:32  Hydralisk x3  
  152  10:34  Hydralisk  
  164  10:38  Hydralisk  
  164  10:39  Hydralisk  
  168  10:44  Roach x3  
  168  10:49  Roach  
  176  10:50  Roach  
  176  10:51  Roach  
  176  10:53  Hydralisk  
  176  10:56  Hydralisk  
  184  10:59  Hydralisk  
  184  11:07  Hydralisk x2  
  184  11:09  Hydralisk  
  182  11:11  Hydralisk  
  174  11:19  Hydralisk  
  174  11:20  Hydralisk  
  174  11:22  Hydralisk  
  174  11:24  Hydralisk  
  129  11:27  Hydralisk  
  119  11:34  Hydralisk  
  119  11:35  Hydralisk  
  107  11:49  Lurker  
  107  11:50  Lurker  
  107  11:53  Lurker  
  100  11:56  Spore Crawler  
  100  11:59  Spore Crawler  
  94  12:01  Hydralisk  
  94  12:02  Hydralisk x3  
  94  12:03  Spore Crawler  
  94  12:04  Roach  
  101  12:19  Infestation Pit  
  101  12:20  Roach x3  
  101  12:21  Roach x3  
  104  12:55  Infestor x3  
  104  12:56  Infestor  
  112  13:03  Roach x2, Spore Crawler  
  112  13:04  Roach x3  
  121  13:06  Roach  
  121  13:08  Hydralisk  
  121  13:11  Hydralisk  
  127  13:14  Hydralisk  
  127  13:17  Hydralisk  
  131  13:20  Overlord  
  131  13:21  Overlord  
  131  13:23  Hydralisk  
  131  13:24  Hydralisk  
  135  13:28  Hydralisk  
  135  13:30  Hydralisk  
  135  13:32  Hydralisk  
  135  13:33  Overlord  
  141  13:36  Hydralisk  
  141  13:38  Hydralisk  
  139  13:42  Hydralisk  
  139  13:45  Hydralisk  
  140  13:48  Hydralisk  
  140  13:51  Hydralisk  
  139  13:58  Spore Crawler x2  
  137  14:05  Drone x3  
  137  14:09  Lurker x2  
  142  14:13  Hydralisk  
  144  14:18  Hydralisk  
  146  14:27  Hydralisk  
  148  14:32  Hydralisk  
  148  14:33  Hydralisk  
  152  14:52  Infestor x3  
  158  15:17  Hatchery  
  78  15:36  Infestor x4  
  78  15:37  Hydralisk  
  78  15:38  Hydralisk x2  
  78  15:40  Drone  
  93  15:53  Hydralisk  
  95  16:02  Hydralisk  
  94  16:05  Hydralisk  
  90  16:13  Hydralisk  
  92  16:32  Hydralisk x2  
Tags
 
Add a new tag
Caveats
  • Supply blocks, unpowered buildings, or Contaminate may cause inaccurate times.
  • Supply counts are checked every 10 seconds.